 Dungeon Crawl Stone Soup version 0.29.1-15-g9cfb28693d (webtiles) character file.

Game seed: 6679900530699493807

80358 javelincjr the Fighter (level 14, -3/124 HPs)
             Began as a Demonspawn Hedge Wizard on Apr 4, 2023.
             Was the Champion of Jiyva.
             Slain by a redback (6 damage)
             ... on level 2 of the Lair of Beasts.
             The game lasted 02:27:14 (18588 turns).

javelincjr the Fighter (Demonspawn Hedge Wizard)   Turns: 18588, Time: 02:27:15

Health: -3/124     AC: 10    Str: 18    XL:     14   Next: 82%
Magic:  0/37       EV: 13    Int: 14    God:    Jiyva [******]
Gold:   1204       SH: 24    Dex: 12    Spells: 23/34 levels left

rFire   + + .      SeeInvis +   n - +7 trident "Xiodghuqi" {speed, rF+ rCorr Str+4}
rCold   . . .      Faith    .   Y - +10 tower shield of Ignorance {rN+ Int-4}
rNeg    + . .      Spirit   +   M - +1 ring mail {rF+}
rPois   .          Reflect  .   c - +0 hat
rElec   .          Harm     .   i - +1 cloak
rCorr   +          Rampage  .   (gloves unavailable)
Will    ++...      Rnd*Tele +   u - +0 pair of boots
Stlth   ++........              K - amulet of regeneration
HPRegen 2.70/turn               X - ring of wizardry
MPRegen 1.00/turn               y - ring "Bidwoin" {MP+9 Slay+2 SInv}

@: lethally poisoned (-3 -> -4), on berserk cooldown, slowed, studying Fighting,
very slow
A: demonic guardian 1, magic shield, magic regeneration, sturdy frame 3, demonic
willpower, demonic touch 3, fangs 2, robust 1, teleportitis 1, eyeballs 1,
gelatinous body 2, pseudopods 3, tendrils
}: 1/15 runes: slimy
a: Renounce Religion, Oozemancy, Slimify


You were on level 2 of the Lair of Beasts.
You worshipped Jiyva.
Jiyva was exalted by your worship.
You visited 5 branches of the dungeon, and saw 26 of its levels.
You also visited: Bailey and Gauntlet.

You collected 1204 gold pieces.

Inventory:

Hand Weapons
 e - the +7 spear "Kux Any" {drain, rPois Will- Dex-4 Stlth+}
   (You found it on level 5 of the Pits of Slime)

   A truly terrible weapon, it drains the life of any living foe it strikes.
   Dex:       It affects your dexterity (-4).
   rPois:     It protects you from poison.
   Will:      It decreases your willpower.
   Stlth:     It makes you more stealthy.
 n - the +7 trident "Xiodghuqi" (weapon) {speed, rF+ rCorr Str+4}
   (You found it on level 11 of the Dungeon)

   Attacks with this weapon are significantly faster.
   Str:       It affects your strength (+4).
   rF:        It protects you from fire.
   rCorr:     It protects you from acid and corrosion.
 q - the +5 dagger of the Stork {vorpal, Int+2}
   (You found it on level 5 of the Pits of Slime)

   It inflicts extra damage upon your enemies.
   Int:       It affects your intelligence (+2).
 V - the +8 short sword "Wemarr" {venom, rPois Str+8}
   (You found it on level 5 of the Pits of Slime)

   It poisons the flesh of those it strikes.
   Str:       It affects your strength (+8).
   rPois:     It protects you from poison.
 W - a +4 long sword of freezing
Missiles
 m - 10 poisoned darts
 E - 7 atropa-tipped darts
Armour
 c - a +0 hat (worn)
 i - a +1 cloak (worn)
 u - a +0 pair of boots (worn)
 z - a +0 tower shield
 F - +2 swamp dragon scales
 G - a +0 kite shield
 I - the +8 chain mail of Teudut {Str+5 Stlth+}
   (You found it on level 5 of the Pits of Slime)

   Str:       It affects your strength (+5).
   Stlth:     It makes you more stealthy.
 M - a +1 ring mail of fire resistance (worn)
 P - a +3 leather armour of cold resistance
 R - a +2 plate armour of willpower
 T - a +0 crystal plate armour
 Y - the +10 tower shield of Ignorance (worn) {rN+ Int-4}
   (You found it on level 3 of the Lair of Beasts)

   Int:       It affects your intelligence (-4).
   rN:        It protects you from negative energy.
 Z - a +0 troll leather armour
Magical Staves
 f - a staff of air
Jewellery
 g - a ring of protection from cold
 j - a ring of magical power
 l - a ring of poison resistance
 r - a +4 ring of protection
 y - the ring "Bidwoin" (right hand) {MP+9 Slay+2 SInv}
   (You found it on level 5 of the Pits of Slime)

   [ring of magical power]

   Slay:      It affects your accuracy & damage with ranged weapons and melee
   (+2).
   MP:        It affects your magic capacity (+9).
   SInv:      It lets you see invisible.
 H - the ring of Secrets {*Slow rC+ rN+ Str+6 Dex+4}
   (You found it on level 5 of the Pits of Slime)

   [ring of strength]

   Str:       It affects your strength (+6).
   Dex:       It affects your dexterity (+4).
   rC:        It protects you from cold.
   rN:        It protects you from negative energy.
   *Slow:     It may slow you when you take damage.
 K - an amulet of regeneration (around neck)
 N - an amulet of reflection
 X - a ring of wizardry (left hand)
Wands
 A - a wand of charming (3)
 C - a wand of flame (29)
 D - a wand of digging (7)
 O - a wand of polymorph (4)
 Q - a wand of light (3)
Scrolls
 b - 3 scrolls of butterflies
 k - 2 scrolls of fear
 p - 4 scrolls of blinking
 s - 7 scrolls of teleportation
 v - 2 scrolls of amnesia
 B - a scroll of identify
 S - a scroll of brand weapon
 U - a scroll of summoning
Potions
 d - 3 potions of magic
 h - 6 potions of haste
 o - 3 potions of heal wounds
 t - 7 potions of curing
 w - a potion of cancellation
 x - 2 potions of brilliance
 J - 2 potions of might
 L - a potion of lignification
Miscellaneous
 a - a phantom mirror


   Skills:
 * Level 11.5 Fighting
 - Level 6.3 Short Blades
 + Level 2.3 Polearms
 + Level 7.0 Armour
 + Level 7.4 Dodging
 - Level 1.7 Stealth
 + Level 6.8 Shields
 * Level 10.6 Spellcasting
 + Level 7.9 Conjurations
 + Level 7.8 Summonings
 + Level 7.1 Translocations
 * Level 4.0 Fire Magic
 + Level 6.6 Air Magic


You had 23 spell levels left.
You knew the following spells:

 Your Spells              Type           Power      Damage    Failure   Level
a - Magic Dart            Conj           100%       1d8       1%          1
b - Blink                 Tloc           54%        N/A       2%          2
c - Call Imp              Summ           29%        N/A       2%          2
d - Slow                  Hex            28%        N/A       32%         1
e - Fireball              Conj/Fire      12%        3d7       61%         5

Your spell library contained the following spells:

 Spells                   Type           Power      Damage    Failure   Level
 Call Canine Familiar     Summ           29%        N/A       4%          3
 Teleport Other           Tloc           27%        N/A       6%          3
 Conjure Flame            Conj/Fire      24%        6-21      9%          3
 Mephitic Cloud           Conj/Pois/Air  21%        N/A       14%         3
 Iskenderun's Mystic Bla  Conj/Tloc      28%        2d7       16%         4
 Passage of Golubria      Tloc           27%        N/A       19%         4
 Portal Projectile        Hex/Tloc       34%        N/A       24%         3
 Beastly Appendage        Tmut           14%        N/A       32%         1
 Freeze                   Ice            28%        1d5       32%         1
 Sandblast                Erth           14%        2d6       32%         1
 Sting                    Tmut/Pois      28%        1d4       32%         1
 Summon Forest            Summ/Tloc      14%        N/A       41%         5
 Passwall                 Tmut/Erth      5%         N/A       45%         2
 Ignite Poison            Fire/Tmut/Pois 11%        N/A       50%         3
 Fulminant Prism          Conj/Hex       9%         3d7       52%         4
 Hailstorm                Conj/Ice       18%        3d6       52%         4
 Summon Ice Beast         Ice/Summ       18%        N/A       52%         4
 Frozen Ramparts          Ice            14%        1d3       69%         3
 Spider Form              Tmut/Pois      7%         N/A       69%         3
 Tukima's Dance           Hex            7%         N/A       69%         3
 Anguish                  Hex/Necr       3%         N/A       96%         4
 Animate Dead             Necr           7%         N/A       96%         4
 Ice Form                 Ice/Tmut       7%         N/A       96%         4
 Leda's Liquefaction      Hex/Erth       3%         N/A       96%         4
 Petrify                  Tmut/Erth      7%         N/A       96%         4
 Yara's Violent Unravell  Hex/Tmut       3%         3d4       100%        5
 Statue Form              Tmut/Erth      4%         N/A       100%        6
 Dragon Form              Tmut           3%         N/A       100%        7
 Storm Form               Tmut/Air       8%         N/A       100%        7
 Lehudib's Crystal Spear  Conj/Erth      9%         10d4      100%        8
 Fire Storm               Conj/Fire      12%        8d3       100%        9


Dungeon Overview and Level Annotations

Branches:
Dungeon (14/15)            Temple (1/1) D:6            Lair (5/5) D:9
 Spider (1/4) Lair:2        Slime (5/5) Lair:5          Orc (0/2) D:11
 Vaults (0/5) D:13         Bailey (visited)         Gauntlet (visited)
  Swamp: Lair:2-3    Shoals: Lair:2-3

Altars:
Cheibriados
Fedhas
Makhleb
Nemelex Xobeh
Ru
Vehumet
Yredelemnul
Jiyva

Shops:
D:5 (

Portals:
Trove: D:13 (give 8 potions of haste)

Annotations:
D:14 Kirke
Slime:5 Dissolution, Royal Jelly


Innate Abilities, Weirdness & Mutations

A weak demonic guardian rushes to your aid.
When hurt, damage is shared between your health and your magic reserves.
You regenerate magic rapidly.
Your movements are significantly less encumbered by armour. (ER -6)
You punish those that try to bend your will. (Will+)
Your touch may irresistibly damage your foes and sap their willpower.
You have extremely sharp teeth.
You are robust. (+10% HP)
You are occasionally teleported next to monsters.
Your body has grown eyes which may confuse attackers. (Acc +3)
Your pliable body absorbs attacks. (AC +2, EV +2)
Armour fits poorly on your massive pseudopods.
You are covered in slimy tendrils that may disarm your opponents.


Message History

The redback barely misses you. The culicivora bites you.
The culicivora draws strength from your injuries!
Casting: Magic Dart (safe; 1% risk of failure)
Confirm with . or Enter, or press ? or * to list all spells.
You blink.
You are caught in the web!
The jumping spider barely misses you. The jumping spider closely misses you.
The redback is healed somewhat.
The jumping spider pounces on you.
The jumping spider bites you but does no damage.
The jumping spider pounces on you!
You are even more entangled.
The jumping spider barely misses you. The redback bites you.
You are poisoned.
The redback poisons you!
Casting: Blink (safe; 2% risk of failure)
Confirm with . or Enter, or press ? or * to list all spells.
A beastly little devil appears in a puff of flame.
You feel stable enough to blink again.
You feel extremely sick. The jumping spider pounces on you!!
You are even more entangled.
The jumping spider barely misses you.
The redback bites you but does no damage.
The jumping spider pounces on you but does no damage.
The jumping spider bites you but does no damage.
The redback closely misses you.
The culicivora bites you but does no damage.
The jumping spider pounces on you!!
* * * LOW HITPOINT WARNING * * *
A demonic guardian appears!
You are even more entangled.
The jumping spider bites you.
* * * LOW HITPOINT WARNING * * *
The redback bites you!
* * * LOW HITPOINT WARNING * * *
You disentangle yourself.
You feel extremely sick.
You block the jumping spider's attack. x2; You block the redback's attack.
You block the culicivora's attack. The jumping spider pounces on you!!
* * * LOW HITPOINT WARNING * * *
The jumping spider bites you.
* * * LOW HITPOINT WARNING * * *
The redback bites you!
You die...

#.##.#.......P## * ,, ,
##.#.###......?. ,, ,, , ,,
, ................ ### ,
...............###.#,, ,
..............##..†#, ~
.............##^.>.# ,, , ~
> #..+##P.....##^.4..# , ,
,, , ##...##.....#.^sss## ,
, , .##5###....##^^5@## , ~
..!.P##....#^^...#* , ~ ~
#...###...##..^### .... ,, ~
#........##^^^##, , ...... ,
, #...###......##,,
,........ ,,
##...##......#######....#..,
, ♣♣♣♣♣........#.##........
, , , ♣
♣♣.................#* , ♣ ~
♣.................#* *.


You could see a culicivora, a jumping spider (berserk, ally target), a redback
(berserk, ally target), a friendly hellwing (summoned) and a friendly crimson
imp (summoned).

Vanquished Creatures
  A minotaur (Gauntlet)
  The ghost of Itocwophi the Bludgeoner, a journeyman HuFi of Uskayaw (Lair:3)
  The ghost of Itocwophi the Bludgeoner, a journeyman HuFi of Uskayaw (Lair:3)
  The ghost of Goybrar the Marksspriggan, a journeyman SpHu of Fedhas (Lair:3)
  A fire dragon (Lair:5)
  The ghost of Qililel the Slasher, a journeyman NaFi of Fedhas (Lair:3)
  Harold (D:11)
  A boulder beetle (D:11)
  4 hydras
  3 centaur warriors (D:13)
  4 two-headed ogres
  2 tengu warriors (D:14)
  A soul eater (D:11)
  A wretched star (Gauntlet)
  A lindwurm (Lair:5)
  A wolf spider (Spider:1)
  4 orc knights
  4 manticores
  8 ugly things
  An oklob plant (Lair:5)
  5 cyclopes
  2 moths of wrath
  2 torpor snails (Lair:5)
  5 black mambas
  2 orange demons
  12 cane toads
  3 molten gargoyles (Lair:5)
  An unseen horror (D:11)
  7 komodo dragons
  2 ice devils (D:11)
  2 efreet (D:13)
  A freezing wraith (D:11)
  A demonic crawler (Lair:2)
  5 trolls
  2 polar bears
  A red devil (D:11)
  6 hornets
  8 blink frogs
  2 tarantellas (Spider:1)
  2 dream sheep (Lair:5)
  A small abomination (Gauntlet)
  A jumping spider (Lair:2)
  A centaur simulacrum (D:11)
  2 shadows (D:11)
  45 yaks
  14 humans
  A vampire (D:12)
  4 wyverns
  7 basilisks
  Grum (D:8)
  3 wraiths
  2 neqoxecs (Gauntlet)
  2 steam dragons
  8 redbacks
  2 vampire mosquitoes (D:14)
  12 water moccasins
  2 swamp worms (Lair:2)
  7 acid dragons
  3 hell hounds (Lair:5)
  7 orc warriors
  2 sky beasts (D:7)
  4 black bears (D:9)
  5 wolves
  A centaur (D:6)
  A phantom (D:5)
  A kobold brigand (D:8)
  2 gnoll sergeants
  14 bullfrogs
  A necrophage (D:5)
  3 scorpions
  14 wights
  A troll zombie (D:11)
  10 killer bees
  A howler monkey (D:5)
  5 lava snakes (Lair:5)
  2 jellies
  A quasit (D:11)
  4 hounds
  5 orc priests
  7 orc wizards
  4 hell rats (Lair:5)
  An iguana (D:4)
  5 ogre zombies (D:11)
  4 adders
  10 gnolls
  5 river rats (Lair:5)
  A shadow imp (D:5)
  A white imp (D:7)
  An ufetubus (D:5)
  A worm (D:2)
  2 dart slugs
  48 orcs
  3 ball pythons
  4 bats
  3 endoplasms (D:1)
  2 giant cockroaches (D:2)
  10 goblins
  6 hobgoblins
  A jackal (D:5)
  3 frilled lizards
  A goblin skeleton (D:11)
  3 goblin zombies (D:11)
  7 kobolds
  An orc skeleton (D:11)
  7 orc zombies (D:11)
  6 rats
  4 bushes (Lair:5)
  A fire vortex (Lair:1)
467 creatures vanquished.

Vanquished Creatures (collateral kills)
  A green death (Gauntlet)
  A hydra (D:11)
  2 two-headed ogres
  An ugly thing (D:13)
  2 black mambas (Lair:5)
  A komodo dragon (Lair:5)
  2 hornets (Gauntlet)
  2 dream sheep (Lair:5)
  A centaur simulacrum (D:11)
  5 yaks (Lair:5)
  A wyvern (Lair:5)
  2 basilisks (Lair:5)
  A redback (Gauntlet)
  A hell hound (Lair:5)
  3 orc warriors (Bailey)
  A phantom (D:11)
  3 wights (D:8)
  An ogre zombie (D:11)
  A gnoll (D:11)
  An adder (D:5)
  4 orcs
37 creatures vanquished.

Vanquished Creatures (others)
  An ugly thing (D:12)
  2 komodo dragons
  11 slime creatures
  A shadow (D:11)
  A yak (Lair:4)
  A human (D:13)
  A phantom (D:5)
  3 bullfrogs
  A gnoll sergeant (D:11)
  A troll zombie (D:11)
  3 killer bees (D:7)
  68 jellies
  3 howler monkeys
  2 orc priests
  A hound (D:4)
  An iguana (D:5)
  4 orc wizards
  5 gnolls (D:4)
  An adder (D:5)
  17 orcs
  4 endoplasms
  3 hobgoblins
  5 jackals
  3 ball pythons (D:4)
  2 frilled lizards (D:2)
  A goblin zombie (D:11)
  2 hobgoblin zombies (D:11)
  3 kobolds
  An orc skeleton (D:11)
  9 orc zombies (D:11)
  2 bushes
  6 demonic plants
  88 fungi
  78 plants
335 creatures vanquished.

Grand Total: 839 creatures vanquished

Notes
Turn   | Place    | Note
-------+----------+-------------------------------------------
     0 | D:1      | javelincjr the Demonspawn Hedge Wizard began the quest for
                  | the Orb.
     0 | D:1      | Reached XP level 1. HP: 13/13 MP: 4/4
   286 | D:1      | Reached skill level 1 in Translocations
   302 | D:1      | Gained mutation: You regenerate magic rapidly. [demonic
                  | ancestry]
   302 | D:1      | Reached XP level 2. HP: 15/20 MP: 0/6
   775 | D:1      | Found a faded altar of an unknown god.
   784 | D:1      | Prayed at the altar of an unknown god.
   784 | D:1      | Became a worshipper of Jiyva Jyhauhoi the Shapeless
   784 | D:1      | Reached * piety under Jiyva
  1028 | D:2      | Reached skill level 1 in Fighting
  1036 | D:2      | Reached XP level 3. HP: 13/26 MP: 1/7
  1167 | D:2      | Reached ** piety under Jiyva
  1935 | D:4      | Gained mutation: Your movements are slightly less
                  | encumbered by armour. (ER -2) [demonic ancestry]
  1935 | D:4      | Reached XP level 4. HP: 32/32 MP: 3/9
  1965 | D:4      | Reached *** piety under Jiyva
  1982 | D:4      | Gained mutation: Your melee attacks may engulf your foes in
                  | ooze. [Jiyva's grace]
  1982 | D:4      | Gained mutation: You expend magic power (3 MP) to
                  | strengthen your wands. [Jiyva's grace]
  1982 | D:4      | Gained mutation: You are covered in slimy tendrils that may
                  | disarm your opponents. [Jiyva's grace]
  1982 | D:4      | Gained mutation: Your movements are less encumbered by
                  | armour. (ER -4) [Jiyva's grace]
  2100 | D:4      | Reached skill level 1 in Armour
  2429 | D:4      | Found a sparkling altar of Nemelex Xobeh.
  2436 | D:4      | Reached **** piety under Jiyva
  2718 | D:5      | Entered Level 5 of the Dungeon
  2735 | D:5      | Learned a level 2 spell: Blink
  2735 | D:5      | Noticed a gnoll sergeant
  2738 | D:5      | Learned a level 2 spell: Call Imp
  2749 | D:5      | Reached skill level 2 in Fighting
  2749 | D:5      | Gained mutation: Your touch may inflict minor irresistible
                  | damage on your foes. [demonic ancestry]
  2749 | D:5      | Reached XP level 5. HP: 38/38 MP: 10/10
  2797 | D:5      | Killed a phantom
  2912 | D:5      | Noticed a water moccasin
  2920 | D:5      | Killed a water moccasin
  2921 | D:5      | Gained mutation: Your touch may inflict irresistible damage
                  | on your foes. [demonic ancestry]
  2921 | D:5      | Reached XP level 6. HP: 46/46 MP: 11/11
  2926 | D:5      | Found Neicij's Weapon Shop.
  2991 | D:5      | Reached skill level 1 in Air Magic
  3014 | D:5      | Reached skill level 1 in Short Blades
  3014 | D:5      | Reached skill level 1 in Shields
  3051 | D:5      | Reached skill level 3 in Fighting
  3051 | D:5      | Reached XP level 7. HP: 50/52 MP: 13/13
  3482 | D:5      | Reached ***** piety under Jiyva
  3786 | D:6      | Lost mutation: You are covered in slimy tendrils that may
                  | disarm your opponents. [Jiyva's grace]
  3786 | D:6      | Gained mutation: Your rubbery body absorbs attacks. (AC +1,
                  | EV +1) [Jiyva's grace]
  3786 | D:6      | Gained mutation: Your pliable body absorbs attacks. (AC +2,
                  | EV +2) [Jiyva's grace]
  3786 | D:6      | Gained mutation: Your gelatinous body deflects attacks. (AC
                  | +3, EV +3) [Jiyva's grace]
  3786 | D:6      | Gained mutation: You are robust. (+10% HP) [Jiyva's grace]
  3851 | D:6      | Found a staircase to the Ecumenical Temple.
  3864 | Temple   | Entered the Ecumenical Temple
  4158 | D:7      | Gained mutation: Your touch may irresistibly damage your
                  | foes and sap their willpower. [demonic ancestry]
  4158 | D:7      | Reached XP level 8. HP: 66/66 MP: 13/15
  4309 | D:7      | Reached skill level 4 in Fighting
  4496 | D:7      | Reached skill level 5 in Spellcasting
  5075 | D:8      | Reached ****** piety under Jiyva
  5143 | D:8      | Reached XP level 9. HP: 29/72 MP: 17/17
  5225 | D:8      | Lost mutation: Your gelatinous body deflects attacks. (AC
                  | +3, EV +3) [Jiyva's grace]
  5225 | D:8      | Lost mutation: You expend magic power (3 MP) to strengthen
                  | your wands. [Jiyva's grace]
  5225 | D:8      | Lost mutation: Your movements are less encumbered by
                  | armour. (ER -4) [Jiyva's grace]
  5225 | D:8      | Gained mutation: Your gelatinous body deflects attacks. (AC
                  | +3, EV +3) [Jiyva's grace]
  5225 | D:8      | Gained mutation: You possess an exceptional clarity of
                  | mind. [Jiyva's grace]
  5225 | D:8      | Gained mutation: Your body has grown eyes which may confuse
                  | attackers. (Acc +3) [Jiyva's grace]
  5225 | D:8      | Gained mutation: Your body has grown many eyes which may
                  | confuse attackers. (Acc +5) [Jiyva's grace]
  5284 | D:8      | Reached skill level 5 in Fighting
  5301 | D:8      | Lost mutation: Your melee attacks may engulf your foes in
                  | ooze. [potion of mutation]
  5301 | D:8      | Lost mutation: Your gelatinous body deflects attacks. (AC
                  | +3, EV +3) [potion of mutation]
  5301 | D:8      | Gained mutation: You are very robust. (+20% HP) [potion of
                  | mutation]
  5302 | D:8      | Lost mutation: Your pliable body absorbs attacks. (AC +2,
                  | EV +2) [potion of mutation]
  5302 | D:8      | Lost mutation: Your rubbery body absorbs attacks. (AC +1,
                  | EV +1) [potion of mutation]
  5302 | D:8      | Lost mutation: You are very robust. (+20% HP) [potion of
                  | mutation]
  5302 | D:8      | Gained mutation: You occasionally lose the ability to read
                  | scrolls when taking damage. [potion of mutation]
  5310 | D:8      | Found a flagged portal.
  5335 | Bailey   | Entered a bailey
  5417 | Bailey   | Noticed an orc knight
  5505 | Bailey   | Noticed an orc knight
  5611 | Bailey   | Killed an orc knight
  5843 | Bailey   | Killed an orc knight
  5861 | Bailey   | Identified the +0 pair of gloves "Xeatidoty" {Will+}
  5888 | Bailey   | Gained mutation: Your movements are less encumbered by
                  | armour. (ER -4) [demonic ancestry]
  5888 | Bailey   | Reached XP level 10. HP: 75/83 MP: 19/19
  6049 | D:8      | Found a blossoming altar of Fedhas.
  6089 | D:8      | Noticed Grum
  6155 | D:8      | Reached skill level 6 in Fighting
  6164 | D:8      | Killed Grum
  6433 | D:9      | Learned a level 1 spell: Slow
  6593 | D:9      | Found a staircase to the Lair.
  7073 | D:10     | Entered Level 10 of the Dungeon
  7173 | D:10     | Gained mutation: When hurt, damage is shared between your
                  | health and your magic reserves. [demonic ancestry]
  7173 | D:10     | Reached XP level 11. HP: 91/91 MP: 21/21
  7178 | D:10     | Noticed a two-headed ogre
  7206 | D:10     | Killed a two-headed ogre
  7207 | D:10     | Reached skill level 7 in Fighting
  7207 | D:10     | Reached skill level 5 in Conjurations
  7324 | D:10     | Noticed a two-headed ogre
  7373 | D:10     | Killed a two-headed ogre
  7374 | D:10     | Reached skill level 5 in Dodging
  7374 | D:10     | Reached skill level 5 in Summonings
  7427 | D:10     | Lost mutation: Your body has grown many eyes which may
                  | confuse attackers. (Acc +5) [Jiyva's grace]
  7427 | D:10     | Gained mutation: You are covered in slimy tendrils that may
                  | disarm your opponents. [Jiyva's grace]
  7427 | D:10     | Gained mutation: You passively map a small area around you.
                  | [Jiyva's grace]
  7427 | D:10     | Gained mutation: You passively map the area around you.
                  | [Jiyva's grace]
  7427 | D:10     | Gained mutation: You passively map a large area around you.
                  | [Jiyva's grace]
  8055 | D:11     | Reached skill level 5 in Translocations
  8129 | D:11     | Noticed a soul eater
  8177 | D:11     | Killed a soul eater
  8377 | D:11     | Reached skill level 8 in Fighting
  8377 | D:11     | Reached skill level 5 in Armour
  8615 | D:11     | Noticed Harold
  8645 | D:11     | Killed Harold
  8646 | D:11     | Reached XP level 12. HP: 61/101 MP: 13/24
  8657 | D:11     | Identified the +7 trident "Xiodghuqi" {speed, rF+ rCorr
                  | Str+4}
  8681 | D:11     | Noticed a boulder beetle
  8684 | D:11     | Reached skill level 5 in Shields
  8686 | D:11     | Noticed a two-headed ogre
  8707 | D:11     | Reached skill level 5 in Short Blades
  8718 | D:11     | Reached skill level 5 in Air Magic
  8727 | D:11     | Killed a two-headed ogre
  8736 | D:11     | Killed a boulder beetle
  8808 | D:11     | Got the Handbook of Molten Pestilence
  8873 | D:11     | Found a staircase to the Orcish Mines.
  8873 | D:11     | Noticed a six-headed hydra
  8908 | D:11     | Killed a six-headed hydra
  9510 | D:12     | Noticed a two-headed ogre
  9583 | D:12     | Noticed a seven-headed hydra
  9598 | D:12     | Killed a seven-headed hydra
  9635 | D:12     | Lost mutation: You possess an exceptional clarity of mind.
                  | [Jiyva's grace]
  9635 | D:12     | Gained mutation: You have acidic saliva. [Jiyva's grace]
  9635 | D:12     | Gained mutation: You have very sharp teeth. [Jiyva's grace]
  9635 | D:12     | Gained mutation: You have extremely sharp teeth. [Jiyva's
                  | grace]
  9635 | D:12     | Gained mutation: You have razor-sharp teeth. [Jiyva's
                  | grace]
  9801 | D:12     | Noticed a two-headed ogre
  9816 | D:12     | Killed a two-headed ogre
  9835 | D:12     | Killed a two-headed ogre
 10228 | D:12     | Found a sacrificial altar of Ru.
 10434 | D:13     | Noticed a centaur warrior
 10434 | D:13     | Noticed a two-headed ogre
 10434 | D:13     | Noticed a centaur warrior
 10434 | D:13     | Found a gate to the Vaults.
 10542 | D:13     | Reached skill level 9 in Fighting
 10634 | D:13     | Killed a centaur warrior
 10682 | D:13     | Killed a two-headed ogre
 10718 | D:13     | Killed a centaur warrior
 10723 | D:13     | Gained mutation: You punish those that try to bend your
                  | will. (Will+) [demonic ancestry]
 10723 | D:13     | Reached XP level 13. HP: 74/111 MP: 19/26
 11070 | D:13     | Got the Handbook of Planar Reformation
 11418 | D:13     | Found a portal to a secret trove of treasure.
 11489 | D:14     | Lost mutation: You passively map a large area around you.
                  | [Jiyva's grace]
 11489 | D:14     | Lost mutation: You are covered in slimy tendrils that may
                  | disarm your opponents. [Jiyva's grace]
 11489 | D:14     | Lost mutation: You occasionally lose the ability to read
                  | scrolls when taking damage. [Jiyva's grace]
 11489 | D:14     | Gained mutation: You expend magic power (3 MP) to
                  | strengthen your wands. [Jiyva's grace]
 11489 | D:14     | Gained mutation: Your body has grown many eyes which may
                  | confuse attackers. (Acc +5) [Jiyva's grace]
 11489 | D:14     | Gained mutation: Your body is covered in eyes which may
                  | confuse attackers. (Acc +7, SInv) [Jiyva's grace]
 11489 | D:14     | Gained mutation: Your mind is acute. (Int +4, Str/Dex -1)
                  | [Jiyva's grace]
 11554 | D:14     | Noticed Kirke
 11821 | D:13     | Learned a level 5 spell: Fireball
 12006 | D:14     | Found a snail-covered altar of Cheibriados.
 12280 | Lair:1   | Entered Level 1 of the Lair of Beasts
 12622 | Lair:1   | Identified the +1 robe of Protective Custody {SInv}
 12977 | Lair:2   | Reached skill level 1 in Fire Magic
 13141 | Lair:2   | Found a hole to the Spider Nest.
 13255 | Lair:2   | You fall into a shaft and drop 2 floors!
 13276 | Lair:4   | Lost mutation: You passively map the area around you.
                  | [Jiyva's grace]
 13276 | Lair:4   | Lost mutation: You have acidic saliva. [Jiyva's grace]
 13276 | Lair:4   | Lost mutation: You expend magic power (3 MP) to strengthen
                  | your wands. [Jiyva's grace]
 13276 | Lair:4   | Gained mutation: You have a small jelly attached to you
                  | that may absorb projectiles. [Jiyva's grace]
 13276 | Lair:4   | Gained mutation: Your movements are significantly less
                  | encumbered by armour. (ER -6) [Jiyva's grace]
 13276 | Lair:4   | Gained mutation: Your rubbery body absorbs attacks. (AC +1,
                  | EV +1) [Jiyva's grace]
 13276 | Lair:4   | Gained mutation: Your pliable body absorbs attacks. (AC +2,
                  | EV +2) [Jiyva's grace]
 13419 | Lair:4   | Reached skill level 10 in Fighting
 14148 | Lair:5   | Entered Level 5 of the Lair of Beasts
 14200 | Lair:5   | Reached skill level 10 in Spellcasting
 14201 | Lair:5   | Found a viscous altar of Jiyva.
 14201 | Lair:5   | Found a staircase to the Slime Pits.
 14242 | Lair:5   | Gained mutation: A weak demonic guardian rushes to your
                  | aid. [demonic ancestry]
 14242 | Lair:5   | Reached XP level 14. HP: 111/121 MP: 28/28
 14299 | Lair:5   | Found a gate leading to a gauntlet.
 14308 | Gauntlet | Entered a Gauntlet
 14308 | Gauntlet | Found a transporter.
 14311 | Gauntlet | Found a transporter.
 14312 | Gauntlet | Paralysed by a hornet for 3 turns
 14329 | Gauntlet | Found a transporter.
 14329 | Gauntlet | Found a transporter.
 14338 | Gauntlet | Found a transporter.
 14338 | Gauntlet | Found a transporter.
 14339 | Gauntlet | Found a transporter.
 14359 | Gauntlet | Found a transporter.
 14359 | Gauntlet | Found a transporter.
 14359 | Gauntlet | Found a transporter.
 14411 | Gauntlet | Found a transporter.
 14411 | Gauntlet | Found a transporter.
 14413 | Gauntlet | Found a transporter.
 14416 | Gauntlet | Lost mutation: You passively map a small area around you.
                  | [potion of mutation]
 14416 | Gauntlet | Lost mutation: Your body is covered in eyes which may
                  | confuse attackers. (Acc +7, SInv) [potion of mutation]
 14416 | Gauntlet | Lost mutation: You have razor-sharp teeth. [potion of
                  | mutation]
 14435 | Gauntlet | Gained mutation: You are occasionally teleported next to
                  | monsters. [a neqoxec]
 14442 | Gauntlet | Lost mutation: Your mind is acute. (Int +4, Str/Dex -1) [a
                  | neqoxec]
 14450 | Gauntlet | Found a transporter.
 14453 | Gauntlet | Got the Parchment of Jinxing and Minerals
 14548 | Gauntlet | Got Zadixof's Guidebook on Changing
 14551 | Gauntlet | Got Hagun's Verses on Ghastly Transfiguration
 14721 | Lair:5   | Reached skill level 1 in Polearms
 14769 | Lair:5   | Lost mutation: Your body has grown many eyes which may
                  | confuse attackers. (Acc +5) [Jiyva's grace]
 14769 | Lair:5   | Lost mutation: You have a small jelly attached to you that
                  | may absorb projectiles. [Jiyva's grace]
 14769 | Lair:5   | Gained mutation: Armour fits poorly on your pseudopods.
                  | [Jiyva's grace]
 14769 | Lair:5   | Gained mutation: Armour fits poorly on your large
                  | pseudopods. [Jiyva's grace]
 14769 | Lair:5   | Gained mutation: Armour fits poorly on your massive
                  | pseudopods. [Jiyva's grace]
 14769 | Lair:5   | Gained mutation: You are covered in slimy tendrils that may
                  | disarm your opponents. [Jiyva's grace]
 15104 | Lair:5   | Found a large runed translucent door.
 15125 | Lair:5   | HP: 5/122 [poisoned by a black mamba]
 15127 | Lair:5   | HP: 2/122 [poisoned by a black mamba]
 15132 | Lair:5   | HP: 6/122 [poisoned by a black mamba]
 15252 | Lair:5   | Reached skill level 11 in Fighting
 15413 | Lair:5   | Found a large runed translucent door.
 16155 | Slime:1  | Entered Level 1 of the Pits of Slime
 16172 | Slime:1  | Noticed an acid blob
 16175 | Slime:1  | Noticed a quicksilver ooze
 16184 | Slime:1  | Noticed an acid blob
 16184 | Slime:1  | Noticed an azure jelly
 16195 | Slime:1  | Noticed an acid blob
 16197 | Slime:1  | Noticed an acid blob
 16315 | Slime:1  | Noticed an acid blob
 16420 | Slime:1  | Noticed a rockslime
 16462 | Slime:2  | Noticed a quicksilver ooze
 16462 | Slime:2  | Noticed a quicksilver ooze
 16485 | Slime:2  | Found a viscous altar of Jiyva.
 16508 | Slime:2  | Noticed a quicksilver ooze
 16508 | Slime:2  | Noticed a quicksilver ooze
 16516 | Slime:2  | Noticed a quicksilver ooze
 16517 | Slime:2  | Noticed an acid blob
 16641 | Slime:3  | Noticed a quicksilver ooze
 16670 | Slime:3  | Noticed an acid blob
 16785 | Slime:4  | Noticed a quicksilver ooze
 16826 | Slime:4  | Noticed a quicksilver ooze
 16828 | Slime:5  | Entered Level 5 of the Pits of Slime
 16837 | Slime:5  | Noticed an azure jelly
 16848 | Slime:5  | Found a viscous altar of Jiyva.
 16848 | Slime:5  | Noticed an acid blob
 16849 | Slime:5  | Noticed an acid blob
 16849 | Slime:5  | Noticed an acid blob
 16850 | Slime:5  | Noticed the Royal Jelly
 16851 | Slime:5  | Noticed an acid blob
 16851 | Slime:5  | Noticed an acid blob
 16853 | Slime:5  | Noticed a quicksilver ooze
 16857 | Slime:5  | Got Ocatisch's Secrets of the Mountains and the Commander
 16860 | Slime:5  | Identified the +8 short sword "Wemarr" {venom, rPois Str+8}
 16865 | Slime:5  | Identified the ring "Bidwoin" {MP+9 Slay+2 SInv}
 16879 | Slime:5  | Identified the +6 halberd "Demonspawn's Peril" {antimagic,
                  | rF+ rN+}
 16881 | Slime:5  | Got a slimy rune of Zot
 16882 | Slime:5  | Identified the +3 sling "Vipn" {venom, Str+3 Stlth+}
 16887 | Slime:5  | Identified the +8 chain mail of Teudut {Str+5 Stlth+}
 16889 | Slime:5  | Noticed an azure jelly
 16894 | Slime:5  | Identified the ring of Secrets {*Slow rC+ rN+ Str+6 Dex+4}
 16900 | Slime:5  | Got A Primer on Spellcraft
 16902 | Slime:5  | Identified the +7 spear "Kux Any" {drain, rPois Will- Dex-4
                  | Stlth+}
 16913 | Slime:5  | Identified the +5 dagger of the Stork {vorpal, Int+2}
 16988 | Slime:5  | Noticed an azure jelly
 16988 | Slime:5  | Noticed a quicksilver ooze
 17022 | Slime:5  | Noticed Dissolution
 17033 | Slime:5  | Noticed a quicksilver ooze
 17075 | Slime:5  | Noticed an acid blob
 17341 | Slime:3  | Noticed a rockslime
 17765 | Lair:3   | Found a burning altar of Makhleb.
 17986 | Lair:3   | Found a runed translucent gate.
 17986 | Lair:3   | Found a runed translucent gate.
 18023 | Lair:3   | Found a runed translucent gate.
 18025 | Lair:3   | Noticed Itocwophi's ghost (journeyman HuFi)
 18025 | Lair:3   | Noticed Qililel's ghost (journeyman NaFi)
 18026 | Lair:3   | Noticed Itocwophi's ghost (journeyman HuFi)
 18026 | Lair:3   | Noticed Goybrar's ghost (journeyman SpHu)
 18029 | Lair:3   | Found the +10 tower shield of Ignorance {rN+ Int-4}
 18110 | Lair:3   | Killed Itocwophi's ghost
 18147 | Lair:3   | Killed Qililel's ghost
 18151 | Lair:3   | Killed Itocwophi's ghost
 18273 | Lair:3   | Killed Goybrar's ghost
 18538 | Spider:1 | Entered Level 1 of the Spider Nest
 18588 | Lair:2   | HP: 4/124 [jumping spider (15)]
 18588 | Lair:2   | Slain by a redback

Illustrated notes

Levels and vault maps discovered:
D:1:      dpeg_arrival_round_c, layout_rooms, basic_ecumenical_altar,
          hangedman_glass_teeth
D:2:      layout_basic
D:3:      layout_rooms
D:4:      minmay_recursive_quarters, layout_loops_ring,
          mainiacjoe_overflow_chevrons, chequers_jeans
D:5:      layout_basic, serial_shops, nicolae_shop_stone,
          minmay_misc_feat_rugged, hangedman_abyss_or_decor_stagger,
          minmay_fractal_squares_diagonal_5
D:6:      layout_basic, minmay_temple_entry_stoned_glass, serial_bayou_pond_d
D:7:      nicolae_cairo_tiling_large, layout_basic
D:8:      layout_cave_pools, mainiacjoe_overflow_cross_hatched, enter_bailey_7,
          uniq_grum
D:9:      layout_roguey, minmay_lair_entry_grove
D:10:     layout_loops_ring, chequers_serial_rivers_micro_b
D:11:     minmay_the_grid_four_pointed_star_mashed
          [minmay_the_grid_triangle_9x9_semitri,
          minmay_the_grid_triangle_9x9_dagger,
          minmay_the_grid_triangle_9x9_zippers_vertical,
          minmay_the_grid_triangle_9x9_thin_v,
          minmay_the_grid_prize_four_corners_diamond_b], layout_layer_cave,
          zombieorc2_lemuel, serial_demonic, serial_demonic_e, serial_demonic_b,
          serial_demonic_b, serial_demonic_d, uniq_harold
D:12:     layout_basic, nicolae_ru_path_of_blood
D:13:     layout_small_grid, david_vaults_3, enter_trove_6,
          minmay_misc_feat_plants
D:14:     layout_gridville, cheibriados_altar_1, uniq_kirke
Temple:   nicolae_temple_bog_church
Lair:1:   layout_gridlike, infiniplex_staircase_pool_2
Lair:2:   layout_regular_city, minmay_swamp_entry_worms,
          spider_nest_entry_funnel_web, disabler_island
Lair:3:   layout_long_grid, basic_altar, gammafunk_ghost_cemetery,
          grunt_megastairs_5
Lair:4:   layout_regular_city, grunt_megastairs_2
Lair:5:   cheibrodos_lair_end_hotspot, layout_small_grid, slime_entry_1,
          gauntlet_entry_generic, minmay_lair_oklob_bushes, st_stairs_12,
          minmay_stone_trees_small, kennysheep_abandoned_house
Spider:1: layout_spider_delve, hangedman_spider_tarantella_strand
Slime:1:  layout_caves
Slime:2:  layout_caves, basic_altar
Slime:3:  layout_caves
Slime:4:  layout_caves
Slime:5:  uniq_dissolution

Skill      XL: |  1  2  3  4  5  6  7  8  9 10 11 12 13 14 |
---------------+-------------------------------------------+-----
Translocations | 1 2 3 4 5 6 7 |  7.1
Dodging        | 2 3 4 5 6 7 |  7.4
Fighting       | 1 2 3 4 5 6 8 9 10 11 | 11.5
Armour         | 1 2 3 4 5 6 7 |  7.0
Conjurations   | 2 3 4 5 6 7 |  7.9
Summonings     | 2 3 4 5 6 7 |  7.8
Spellcasting   | 4 5 6 7 8 9 10 | 10.6
Air Magic      | 1 2 3 4 5 6 |  6.6
Short Blades   | 1 2 3 4 5 6 |  6.3
Shields        | 1 2 3 4 5 6 |  6.8
Fire Magic     | 2 4 |  4.0
Polearms       | 2 |  2.3
Stealth        | |  1.7

Action                   |  1- 3 |  4- 6 |  7- 9 | 10-12 | 13-15 || total
-------------------------+-------+-------+-------+-------+-------++-------
Melee: Dagger            |    16 |    99 |   310 |   644 |       ||  1069
       Punch             |       |     1 |     1 |     5 |     4 ||    11
       Touch             |       |    12 |    70 |   162 |    69 ||   313
       Trident           |       |       |       |   132 |   945 ||  1077
       Long sword        |       |       |       |    77 |       ||    77
       Bite              |       |       |       |    27 |   154 ||   181
       Pseudopods        |       |       |       |       |    64 ||    64
Throw: Dart              |       |       |    11 |       |       ||    11
 Cast: Magic Dart        |    97 |    21 |   252 |   169 |    94 ||   633
       Call Imp          |       |     6 |    28 |    58 |    44 ||   136
       Blink             |       |     2 |     1 |    11 |    20 ||    34
       Slow              |       |       |       |     6 |    10 ||    16
       Fireball          |       |       |       |       |    21 ||    21
Invok: Oozemancy         |       |       |       |     1 |     4 ||     5
  Use: Scroll            |       |       |     9 |     6 |    11 ||    26
       Potion            |       |       |     2 |       |     1 ||     3
 Stab: Confused          |       |       |     4 |    23 |    20 ||    47
       Sleeping          |       |       |     1 |       |     4 ||     5
       Distracted        |       |       |       |     4 |     2 ||     6
Armor: Robe              |     5 |       |       |       |       ||     5
       Ring mail         |       |    60 |   248 |   390 |   304 ||  1002
Dodge: Dodged            |    18 |    74 |   355 |   486 |   614 ||  1547
Block: Kite shield       |       |       |       |   103 |   269 ||   372
       Tower shield      |       |       |       |       |    70 ||    70
